 Dungeon Crawl Stone Soup version 0.27.1-4-g1640c2035a (webtiles) character file.

Game seed: 15337346274889515743

56 deusastra the Skirmisher (level 3, -4/31 HPs)
             Began as a Palentonga Fighter on Nov 16, 2021.
             Was an Initiate of Hepliaklqana.
             Slain by an orc wizard (8 damage)
             ... on level 3 of the Dungeon.
             The game lasted 00:06:58 (1901 turns).

deusastra the Skirmisher (Palentonga Fighter)       Turns: 1901, Time: 00:06:58

Health: -4/31      AC:  7    Str: 19    XL:     3   Next: 71%
Magic:  3/3        EV:  5    Int:  8    God:    Hepliaklqana [......]
Gold:   67         SH:  8    Dex: 10    Spells: 2/2 levels left

rFire    + + .     SeeInvis +   a - +0 rapier
rCold    . . .     Faith    .   c - +0 kite shield
rNeg     . . .     Spirit   .   b - +0 scale mail
rPois    .         Reflect  .   (no helmet)
rElec    .         Harm     .   f - +0 cloak
rCorr    .         Rampage  .   (no gloves)
Will     .....                  (no barding)
Stlth    ..........             (no amulet)
HPRegen  0.10/turn              n - ring of protection from fire
MPRegen  0.08/turn              p - ring of protection from fire

@: no status effects
A: large, rugged brown scales 3, see invisible, deformed body, roll 1, armoured
tail
a: Rolling Charge, Renounce Religion


You were on level 3 of the Dungeon.
You worshipped Hepliaklqana.
Hepliaklqana was noncommittal.
You visited 1 branch of the dungeon, and saw 3 of its levels.

You collected 67 gold pieces.

Inventory:

Hand Weapons
 a - a +0 rapier (weapon)
Armour
 b - a +0 scale mail (worn)
 c - a +0 kite shield (worn)
 f - a +0 cloak (worn)
Jewellery
 n - a ring of protection from fire (left hand)
 p - a ring of protection from fire (right hand)
Scrolls
 e - 2 scrolls of fear {unknown}
 g - 3 scrolls of identify {unknown}
 i - a scroll of teleportation {unknown}
 k - 2 scrolls of enchant armour {unknown}
 l - a scroll of magic mapping {unknown}
Potions
 d - a potion of might
 h - a potion of mutation {unknown}
 j - a potion of degeneration {unknown}
 m - a potion of attraction {unknown}
 o - a potion of curing {unknown}
 q - a potion of heal wounds {unknown}


   Skills:
 * Level 3.5 Fighting
 + Level 2.3 Short Blades
 * Level 3.0 Armour
 - Level 0.1 Dodging
 + Level 2.7 Shields


You had 2 spell levels left.
You didn't know any spells.
Your spell library was empty.

Dungeon Overview and Level Annotations

Branches:
Dungeon (3/15)

Altars:
Hepliaklqana
Vehumet
Xom


Innate Abilities, Weirdness & Mutations

You are completely covered in rugged brown scales. (AC +3, +7% HP)
You have supernaturally acute eyesight. (SInv)
Armour fits poorly on your strangely shaped body.
You can roll at nearby foes to attack.
You have a long armoured tail.


Message History

There is a hazy altar of Hepliaklqana here.
You kneel at the altar of Hepliaklqana.
Hepliaklqana welcomes you!
You open the door.
There is an open door here.
An orc wizard comes into view.
It is wielding a +0 dagger of electrocution.
The orc wizard shouts! 2 orcs come into view.
The orc shouts! x2
The orc wizard hits you with a +0 dagger of electrocution.
You are electrocuted!!
Ouch! That really hurt!
You hit the orc wizard but do no damage.
The orc closely misses you.
Unknown command.
Okay, then.
There is an open door here.
The orc wizard mumbles some strange words.
The orc wizard flickers and vanishes for a moment.
There is an open door here.
There is a stone staircase leading up here.
You hit the orc.
You kill the orc!
You hit the orc.
The orc is moderately wounded.
You block the orc's attack.
You hit the orc.
You kill the orc!
You barely miss the orc wizard. You block the orc wizard's attack.
You puncture the orc wizard!
The orc wizard is heavily wounded.
The orc wizard hits you but does no damage.
You are electrocuted!
* * * LOW HITPOINT WARNING * * *
You miss the orc wizard.
The orc wizard is heavily wounded.
The orc wizard hits you with a +0 dagger of electrocution.
* * * LOW HITPOINT WARNING * * *
You are electrocuted!
You die...

##############
#####............##########
.......#.............o.o..#
###....#.......#.########.#
##.†..†........#.# #.#
...............#o# #.#
##.............#@# #.#
##....#.......#.# #o#
##.....#.......#.# #.#
........<........# #o#
#............. ### #.#
........###... #.#
#.#.###.# #.# #.#.# ... #.#
#.#.# .## ######.#


You could see an orc wizard.

Vanquished Creatures
  A worm (D:3)
  A dart slug (D:2)
  2 orcs (D:3)
  5 ball pythons
  5 endoplasms
  A giant cockroach (D:1)
  2 goblins (D:1)
  A hobgoblin (D:2)
  4 jackals (D:1)
  6 kobolds
  5 quokkas
  5 bats (D:1)
  3 frilled lizards
  2 rats (D:1)
43 creatures vanquished.

Notes
Turn   | Place    | Note
-------+----------+-------------------------------------------
     0 | D:1      | deusastra the Palentonga Fighter began the quest for the
                  | Orb.
     0 | D:1      | Reached XP level 1. HP: 19/19 MP: 1/1
   278 | D:1      | Reached XP level 2. HP: 24/25 MP: 2/2
   524 | D:1      | Reached XP level 3. HP: 29/31 MP: 3/3
  1326 | D:2      | Found a faded altar of an unknown god.
  1358 | D:2      | Found a radiant altar of Vehumet.
  1833 | D:3      | Found a shimmering altar of Xom.
  1834 | D:3      | Found a hazy altar of Hepliaklqana.
  1835 | D:3      | Noticed a spectral ugly thing
  1838 | D:3      | Became a worshipper of Hepliaklqana the Forgotten
  1901 | D:3      | Slain by an orc wizard

Illustrated notes

Levels and vault maps discovered:
D:1:      roderic_dead_forest, layout_loops_ring, serial_bayou_pond_c
D:2:      layout_basic, ebering_ecumenical_altar_webs, basic_altar,
          serial_forest, infiniplex_forest_lined_room_2,
          infiniplex_forest_lined_3_way, infiniplex_forest_clump_small,
          infiniplex_forest_lined_4_way, infiniplex_forest_straight_2,
          infiniplex_forest_corner_1, infiniplex_forest_lined_room_,
          infiniplex_forest_clump_large
D:3:      layout_loops_ring, regret_index_temple_of_mockery,
          mainiacjoe_overflow_tiny_flanked, minmay_misc_feat_cross,
          minmay_misc_feat_square

Skill      XL: |  1  2  3 |
---------------+----------+-----
Armour         | 3 |  3.0
Fighting       | |  3.5
Short Blades   | |  2.3
Dodging        | |  0.1
Shields        | |  2.7

Action                   || total
-------------------------++-------
Melee: Rapier            ||   114
       Tailslap          ||    13
 Abil: Rolling Charge    ||     8
Armor: Scale mail        ||    48
Dodge: Dodged            ||    20
Block: Kite shield       ||    42
